 Dungeon Crawl Stone Soup version 0.16.1 (webtiles) character file.

176 Fluffy the Skirmisher (level 5, -5/48 HPs)
             Began as a Hill Orc Fighter on Mar 23, 2015.
             Slain by a gnoll shaman
             ... wielding a +0 whip
              (10 damage)
             ... on level 3 of the Dungeon.
             The game lasted 00:04:53 (2253 turns).

Fluffy the Skirmisher (Hill Orc Fighter)            Turns: 2253, Time: 00:04:53

Health: -5/48      AC:  7    Str: 20    XL:     5   Next: 56%
Magic:  5/5        EV:  7    Int:  8    God:
Gold:   140        SH:  9    Dex: 10    Spells: 0 memorised, 4 levels left

rFire  + . .     SeeInvis .     a - +0 war axe
rCold  . . .     Clarity  .     b - +0 scale mail
rNeg   . . .     SustAb   .     c - +0 shield
rPois  .         Gourm    .     (no helmet)
rElec  .         Spirit   .     (no cloak)
rCorr  .         Warding  .     (no gloves)
rMut   .         Stasis   .     (no boots)
MR     .....                    (no amulet)
Stlth  ..........               (no ring)
                                m - ring of protection from fire

@: not resistant to hostile enchantments, extremely unstealthy
A: no striking features
a: no special abilities


You were on level 3 of the Dungeon.
You were not hungry.

You visited 1 branch of the dungeon, and saw 3 of its levels.

You collected 140 gold pieces.

Inventory:

Hand weapons
 a - a +0 war axe (weapon)
Armour
 b - a +0 scale mail (worn)
 c - a +0 shield (worn)
Jewellery
 i - an uncursed ring of ice
 m - a ring of protection from fire (left hand)
Magical devices
 k - a wand of teleportation (4)
Scrolls
 f - 4 scrolls of identify {unknown}
 g - a scroll of enchant weapon {unknown}
 p - a scroll of enchant armour {unknown}
Potions
 e - a potion of might
 h - a potion of restore abilities {unknown}
 l - a potion of resistance {unknown}
 n - a potion of magic {unknown}
 o - a potion of agility {unknown}
Comestibles
 d - 4 meat rations
 j - 2 bread rations


   Skills:
 + Level 5.2 Fighting
 + Level 4.8 Axes
 + Level 4.4 Armour
 - Level 3.2 Shields


You had 4 spell levels left.
You didn't know any spells.

Dungeon Overview and Level Annotations

Branches:
Dungeon (3/15)

Altars:
Sif Muna


Message History

The gnoll shaman is heavily wounded.
You are no longer glowing.
You block the gnoll shaman's attack.
You hit the gnoll shaman but do no damage.
The gnoll shaman is heavily wounded.
The gnoll shaman prays to its god.
The gnoll shaman is healed somewhat.
You hit the gnoll shaman.
The gnoll shaman is heavily wounded.
You block the gnoll shaman's attack. The gnoll shaman hits you with a whip.
You hit the gnoll shaman.
The gnoll shaman is heavily wounded.
The gnoll shaman hits you with a whip!
* * * LOW HITPOINT WARNING * * *
You closely miss the gnoll shaman.
The gnoll shaman is heavily wounded.
The gnoll shaman hits you with a whip.
* * * LOW HITPOINT WARNING * * *
The gnoll shaman hits you with a whip!
You die...

####..##...#.# #...#....#.
##.####.#.#####.........
#.## #.#.##......#..##.
#..###.#.##............
##.....................
####.##.#.............
#.##.##........##..
#..#..###......#...
##@##.###..........
#########g##).##..........
#.........##.....)........
#.........#....†.#.....##.
.........................
.........................
≈≈≈≈≈≈≈....≈≈≈≈≈≈≈≈≈≈≈≈≈≈
≈≈≈≈≈≈....≈≈≈≈≈≈≈≈≈≈≈≈≈≈
≈≈≈≈≈≈....≈≈≈≈≈≈≈≈≈≈≈≈##


You could see a gnoll shaman.

Vanquished Creatures
  5 gnolls (D:3)
  3 adders
  4 worms
  2 giant geckos
  An ooze (D:1)
  2 orcs (D:3)
  A ball python (D:2)
  8 bats
  3 giant cockroaches
  9 goblins
  2 hobgoblins
  8 jackals
  A quokka (D:2)
  4 giant newts
  14 kobolds
  6 rats
73 creatures vanquished.

Notes
Turn   | Place    | Note
--------------------------------------------------------------
     0 | D:1      | Fluffy, the Hill Orc Fighter, began the quest for the Orb.
     0 | D:1      | Reached XP level 1. HP: 19/19 MP: 1/1
   294 | D:1      | Reached XP level 2. HP: 27/27 MP: 2/2
   356 | D:1      | Reached skill level 4 in Fighting
   652 | D:1      | Reached XP level 3. HP: 29/33 MP: 3/3
  1113 | D:2      | Found a deep blue altar of Sif Muna.
  1309 | D:2      | Reached XP level 4. HP: 37/41 MP: 4/4
  1765 | D:3      | Reached skill level 5 in Fighting
  1923 | D:3      | Reached XP level 5. HP: 45/48 MP: 5/5
  2253 | D:3      | Slain by a gnoll shaman

Action                   |  1- 3 |  4- 6 || total
-------------------------+-------+-------++-------
Melee: War axe           |   114 |   121 ||   235
  Eat: Chunk             |     1 |     4 ||     5
